AoeStats
← Pillage The Village

Yucatan

503430127Analyzed
3v3 RM · 1mo ago on Aug 31, 2026· 58m 1s· 6 players
Game mode
Random Map
Map size
Normal (6 player)
Population
200
Speed
Normal
Resources
Standard
Victory
Conquest
Starting age
Dark Age
Ending age
Imperial Age
RankedLock teamsTeams togetherTeam positionsShared explorationLock speedFull tech treeHidden civsTurbo modeCheats
Victory
Defeat
🇷🇺 Maya · Russia
1267
+12
🇨🇴 Spanish · Colombia
1252
+13
🇪🇸 Hindustanis · Spain
1111
+20
🇧🇪 Mongols · Belgium
1246
-18
🇧🇪 Chinese · Belgium
1205
-16
🇧🇪 Turks · Belgium
1117
-12
COMMANDER SANDER
5:22 Loom
11:15 Feudal Age
11:50 Double-Bit Axe
18:31 Castle Age
19:59 Horse Collar
21:38 Ballistics
23:39 Gold Mining
25:07 Wheelbarrow
24:57 Padded Archer Armor
24:47 Fletching
25:51 Gold Shaft Mining
26:48 Leather Archer Armor
29:11 Hand Cart
32:37 Town Watch
34:16 Bodkin Arrow
37:48 Heavy Plow
37:41 Stone Mining
38:03 Bow Saw
39:05 Husbandry
42:22 Imperial Age
40:11 Thumb Ring
42:45 Heavy Cavalry Archer
44:04 Ring Archer Armor
44:18 Parthian Tactics
44:23 Bracer
45:04 Capped Ram
Myll_Barka
1:50 Loom
9:56 Feudal Age
10:44 Double-Bit Axe
16:06 Castle Age
15:02 Bloodlines
16:14 Scale Barding Armor
22:11 Fletching
29:02 Bodkin Arrow
31:15 Chain Barding Armor
33:01 Bow Saw
33:13 Padded Archer Armor
33:52 Wheelbarrow
34:26 Husbandry
34:48 Leather Archer Armor
36:00 Hand Cart
37:00 Ballistics
39:51 Imperial Age
36:59 Light Cavalry
39:03 Forging
38:56 Gold Mining
38:56 Stone Mining
40:40 Iron Casting
39:55 Elite Mangudai
40:39 Bracer
40:45 Horse Collar
41:55 Parthian Tactics
42:13 Heavy Cavalry Archer
42:52 Town Watch
44:30 Hussar
44:44 Elite Skirmisher
46:05 Town Patrol
47:34 Blast Furnace
52:43 Gold Shaft Mining
Pillage The Village
0:32 Loom
10:37 Feudal Age
12:35 Wheelbarrow
15:04 Castle Age
12:58 Double-Bit Axe
13:50 Gold Mining
14:45 Fletching
14:56 Padded Archer Armor
16:18 Scale Mail Armor
17:54 Bow Saw
19:00 Crossbowman
25:26 Bodkin Arrow
25:53 Ballistics
33:21 Imperial Age
31:55 Stone Mining
32:41 Gold Shaft Mining
31:51 Horse Collar
33:06 Thumb Ring
33:26 Arbalester
35:05 Bracer
35:05 Padded Archer Armor
37:28 Chemistry
36:42 Heavy Plow
38:59 Bombard Tower
38:51 Fortified Wall
40:20 Conscription
42:11 Leather Archer Armor
43:02 Two-Man Saw
43:30 Stone Shaft Mining
46:12 Hand Cart
47:06 Elite Skirmisher
48:20 Ring Archer Armor
49:04 Heavy Rocket Cart
52:48 Forging
52:44 Scale Barding Armor
52:39 Scale Mail Armor
53:13 Murder Holes
55:57 Chain Mail Armor
56:18 Iron Casting
56:17 Medium Warships
57:18 Plate Mail Armor
56:11 Elite Fire Lancer
juan quevedo
10:06 Loom
12:24 Feudal Age
12:50 Double-Bit Axe
15:57 Castle Age
18:35 Bow Saw
18:17 Fletching
21:44 Husbandry
25:15 Bodkin Arrow
30:15 Wheelbarrow
31:42 Hand Cart
32:34 Inquisition
32:24 Horse Collar
32:47 Town Watch
37:21 Imperial Age
37:17 Bloodlines
37:16 Scale Barding Armor
37:22 Forging
37:50 Ballistics
39:09 Chemistry
38:48 Chain Barding Armor
38:14 Cavalier
40:00 Conscription
40:02 Masonry
40:16 Town Patrol
41:14 Plate Barding Armor
42:15 Architecture
43:15 Thumb Ring
43:47 Iron Casting
43:44 Paladin
44:41 Gold Mining
44:56 Bracer
44:53 Elite Skirmisher
47:18 Blast Furnace
46:52 Light Cavalry
52:28 Bombard Tower
52:54 Arrowslits
52:59 Guard Tower
52:53 Hussar
54:54 Keep
58:09 Murder Holes
58:23 Scale Mail Armor
58:24 Padded Archer Armor
57:45 Pikeman
58:26 Squires
58:14 Gambesons
58:43 Fervor
Roke6
11:04 Feudal Age
11:56 Double-Bit Axe
12:05 Loom
17:52 Castle Age
15:48 Fletching
16:00 Gold Mining
16:37 Horse Collar
19:07 Bodkin Arrow
21:15 Bow Saw
21:24 Elite Skirmisher
23:28 Husbandry
28:13 Stone Mining
29:36 Thumb Ring
35:28 Imperial Age
34:03 Scale Mail Armor
34:14 Forging
34:32 Heavy Plow
34:58 Bloodlines
34:09 Light Cavalry
36:15 Padded Archer Armor
36:22 Bracer
37:06 Padded Archer Armor
37:22 Chain Mail Armor
39:00 Conscription
42:22 Heavy Cavalry Archer
46:16 Gold Shaft Mining
46:21 Coinage
45:31 Siege Elephant
48:00 Stone Shaft Mining
48:29 Town Watch
49:20 Wheelbarrow
50:51 Hoardings
49:39 Elite Ghulam
53:22 Two-Man Saw
52:41 Leather Archer Armor
52:33 Pikeman
53:14 Squires
56:02 Chemistry
55:23 Ballistics
55:48 Scale Barding Armor
56:18 Iron Casting
56:14 Ring Archer Armor
55:10 Heavy Camel Rider
Sibro
0:26 Loom
10:40 Feudal Age
14:52 Castle Age
14:28 Double-Bit Axe
18:01 Crossbowman
18:32 Fletching
20:26 Wheelbarrow
21:37 Horse Collar
25:01 Bodkin Arrow
26:09 Hand Cart
27:36 Bow Saw
27:31 Gold Mining
29:06 Heavy Plow
29:42 Ballistics
32:08 Thumb Ring
34:45 Imperial Age
32:03 Town Watch
33:46 Padded Archer Armor
35:04 Treadmill Crane
35:34 Masonry
36:29 Chemistry
35:10 Treadmill Crane
35:41 Masonry
34:52 Arbalester
35:55 Conscription
36:10 Hoardings
36:44 Bracer
37:00 Leather Archer Armor
38:54 Architecture
38:34 Fortified Wall
38:20 Murder Holes
41:56 Holcans
41:30 Eagle Warrior
42:11 Squires
42:32 Elite Eagle Warrior
43:45 Ring Archer Armor
43:16 Scale Mail Armor
43:26 Forging
45:05 Two-Man Saw
49:45 Chain Mail Armor
50:05 Iron Casting
51:24 Plate Mail Armor
51:52 Iron Casting
57:46 Arson
Connection lost

Rejoining the realm…

Still unreachable

The connection could not be restored.

Session expired

The server has moved on; the page needs a fresh start.